 Dungeon Crawl Stone Soup version 0.19.0-2-gae57169 (webtiles) character file.

45 Patchouli the Magician (level 3, -2/19 HPs)
             Began as a Deep Elf Ice Elementalist on Nov 7, 2016.
             Was an Initiate of Kikubaaqudgha.
             Slain by an orc wizard
             ... wielding a +0 dagger
              (4 damage)
             ... on level 3 of the Dungeon.
             The game lasted 00:04:06 (539 turns).

Patchouli the Magician (Deep Elf Ice Elementalist)   Turns: 539, Time: 00:04:07

Health: -2/19      AC:  3    Str:  5 (7)  XL:     3   Next: 42%
Magic:  0/10       EV: 19    Int: 17 (20) God:    Kikubaaqudgha [......]
Gold:   64         SH:  0    Dex: 18 (20) Spells: 2 memorised, 6 levels left

rFire  . . .     SeeInvis .     (no weapon)
rCold  . . .     Gourm    .     a - +0 robe
rNeg   . . .     Faith    .     (no shield)
rPois  .         Spirit   .     (no helmet)
rElec  .         Reflect  .     (no cloak)
rCorr  .         Harm     .     (no gloves)
MR     .....                    (no boots)
Stlth  +++.......               (no amulet)
                                (no ring)
                                (no ring)

@: agile, very slightly contaminated
A: shaggy fur 1, strong 1, subdued magic 1
a: Renounce Religion


You were on level 3 of the Dungeon.
You worshipped Kikubaaqudgha.
Kikubaaqudgha was noncommittal.
You were not hungry.

You visited 1 branch of the dungeon, and saw 3 of its levels.

You collected 64 gold pieces.

Inventory:

Armour
 a - a +0 robe (worn)
Jewellery
 m - an uncursed ring of fire {unknown}
 n - an uncursed amulet of harm {unknown}
Scrolls
 d - a scroll of enchant weapon {unknown}
 e - a scroll of immolation {unknown}
 f - a scroll of identify {unknown}
 h - a scroll of teleportation {unknown}
 o - a scroll of noise {unknown}
 p - a scroll of fog {unknown}
 q - a scroll of remove curse {unknown}
Books
 b - a book of Frost

   Spells                             Type                      Level
   a - Freeze                         Ice                          1
   b - Throw Frost                    Conjuration/Ice              2
   c - Ozocubu's Armour               Charms/Ice                   3
   d - Throw Icicle                   Conjuration/Ice              4
   e - Summon Ice Beast               Ice/Summoning                4
Comestibles
 c - 2 bread rations
 g - a chunk of flesh


   Skills:
 + Level 3.1 Dodging
 - Level 2.4 Stealth
 * Level 4.4 Spellcasting
   Level 1.1 Conjurations
 * Level 3.7 Ice Magic


You had 6 spell levels left.
You knew the following spells:

 Your Spells              Type           Power        Failure   Level  Hunger
a - Freeze                Ice            ##..         2%          1    None
q - Ozocubu's Armour      Chrm/Ice       #.......     21%         3    ###....


Dungeon Overview and Level Annotations

Branches:
Dungeon (3/15)

Altars:
Kikubaaqudgha
Ru


Innate Abilities, Weirdness & Mutations

You are covered in fur. (AC +1)
Your muscles are strong. (Str +2)
Your spells are a little easier to cast, but a little less powerful.


Message History

You flicker back into view.
The orc wizard points at you and mumbles some strange words.
The puff of frost hits you!
* * * LOW HITPOINT WARNING * * *
You aren't carrying any items that you can evoke.
You aren't carrying any potions.
The orc wizard casts a spell. x2
Some of the chunks of flesh in your inventory have rotted away.
The orc wizard hits you with a dagger.
* * * LOW HITPOINT WARNING * * *
Casting: Freeze
Confirm with . or Enter, or press ? or * to list all spells.
Aiming: Freeze
Press: ? - help, Shift-Dir - straight line, f/p - orc wizard
Aim: an orc wizard, wielding a dagger and wearing a robe (almost dead, fast)
You freeze the orc wizard.
The orc wizard is almost dead.
The orc wizard hits you with a dagger.
You die...
Kikubaaqudgha rasps: "You have failed me!
Welcome... death!"

### ..# # #.# ..
#.# ...#####.##
..........####.#
#..............
#####.o..######
..# #@#.## ##.#
#.#.# #... ..#.#
..####..#####(#
............()#
.####..#######
#..# #o.########
#(.........


You could see an orc wizard.

Vanquished Creatures
  An adder (D:2)
  A leopard gecko (D:3)
  8 orcs
  3 bats
  A giant cockroach (D:2)
  2 goblins
  2 hobgoblins (D:2)
  4 jackals
  A kobold (D:2)
  2 rats (D:2)
25 creatures vanquished.

Notes
Turn   | Place    | Note
-------+----------+-------------------------------------------
     0 | D:1      | Patchouli the Deep Elf Ice Elementalist began the quest for the Orb.
     0 | D:1      | Reached XP level 1. HP: 10/10 MP: 6/6
   178 | D:2      | Reached XP level 2. HP: 11/15 MP: 4/8
   289 | D:2      | Reached skill level 4 in Spellcasting
   337 | D:2      | Found a sacrificial altar of Ru.
   355 | D:2      | Reached XP level 3. HP: 15/19 MP: 3/10
   360 | D:2      | Learned a level 3 spell: Ozocubu's Armour
   449 | D:3      | Found an ancient bone altar of Kikubaaqudgha.
   457 | D:3      | Became a worshipper of Kikubaaqudgha
   518 | D:3      | Gained mutation: Your spells are a little easier to cast, but a little less powerful. [potion of mutation]
   518 | D:3      | Gained mutation: Your muscles are strong. (Str +2) [potion of mutation]
   518 | D:3      | Gained mutation: You are covered in fur. (AC +1) [potion of mutation]
   539 | D:3      | Slain by an orc wizard

Skill      XL: |  1  2 |
---------------+-------+-----
Spellcasting   | 4 |  4.4
Dodging        | 3 |  3.1
Stealth        | |  2.4
Conjurations   | |  1.1
Ice Magic      | |  3.7

Action                   || total
-------------------------++-------
 Cast: Freeze            ||    46
       Ozocubu's Armour  ||     1
  Use: Potion            ||     4
Armor: Robe              ||     7
Dodge: Dodged            ||    36
